 Dungeon Crawl Stone Soup version 0.31-a0-1159-g800acc2fd1 (webtiles) character file.

Game seed: 7950071170494281309

3602 Bnni the Spear-Bearer (level 10, 0/84 HPs)
             Began as a Formicid Fighter on Dec 8, 2023.
             Was an Initiate of Yredelemnul.
             Slain by nitefall's ghost (4 damage)
             ... on level 7 of the Dungeon.
             The game lasted 00:12:53 (6899 turns).

Bnni the Spear-Bearer (Formicid Fighter)            Turns: 6899, Time: 00:12:54

Health: 0/84       AC: 15    Str: 23    XL:     10   Next: 32%
Magic:  10/10      EV:  6    Int:  8    God:    Yredelemnul [......]
Gold:   208        SH:  6    Dex: 19    Spells: 9/9 levels left

rFire   . . .        x - +8 halberd of Pestilence {flame, rElec rC+ Str-2 Stlth+}
rCold   + . .        c - +0 buckler
rNeg    . . .        s - +0 plate armour
rPois   .            (helmet unavailable)
rElec   +            b - +1 cloak of Fabulous Salvation {Dex+6}
rCorr   .            (no gloves)
SInv    +            t - +1 pair of boots
Will    +....        q - amulet of magic regeneration Stlth
                     (no ring)
HPRegen 0.34/turn    (no ring)
MPRegen 0.52/turn

%: no passive effects
@: no status effects
A: permanent stasis, dig shafts and tunnels, antennae 3, four strong arms
a: Dig, Shaft Self, Renounce Religion, Recall Undead Harvest


You were on level 7 of the Dungeon.
You worshipped Yredelemnul.
Yredelemnul was noncommittal.
You visited 2 branches of the dungeon, and saw 8 of its levels.

You collected 451 gold pieces.
You spent 243 gold pieces at shops.

Inventory:

Hand Weapons
 x - the +8 halberd of Pestilence (weapon) {flame, rElec rC+ Str-2 Stlth+}
   (You bought it in a shop on level 5 of the Dungeon)

   Str-2:     It affects your strength (-2).
   rC+:       It protects you from cold.
   rElec:     It insulates you from electricity.
   Stlth+:    It makes you more stealthy.
Missiles
 o - 11 boomerangs
 r - 8 poisoned darts
Armour
 b - the +1 cloak of Fabulous Salvation (worn) {Dex+6}
   (You found it on level 3 of the Dungeon)

   Dex+6:     It affects your dexterity (+6).
 c - a +0 buckler (worn)
 s - a +0 plate armour (worn)
 t - a +1 pair of boots (worn)
Jewellery
 i - a ring of magical power
 m - a ring of fire
 p - a ring of ice
 q - an amulet of magic regeneration (around neck)
 D - a ring of ice
Wands
 a - a wand of paralysis (15)
Scrolls
 f - 3 scrolls of revelation {unknown}
 h - 4 scrolls of teleportation {unknown}
 j - a scroll of torment {unknown}
 k - a scroll of acquirement
 l - a scroll of amnesia {unknown}
 n - a scroll of vulnerability {unknown}
 u - a scroll of immolation {unknown}
 v - a scroll of fog {unknown}
 w - 2 scrolls of fear
 y - 2 scrolls of enchant armour {unknown}
 A - 2 scrolls of poison
Potions
 d - a potion of might
 e - a potion of degeneration {unknown}
 g - 2 potions of curing
 z - a potion of lignification
 B - a potion of enlightenment {unknown}
 C - a potion of berserk rage {unknown}


   Skills:
 + Level 9.6 Fighting
 * Level 11.7 Polearms
 - Level 3.2 Armour
 - Level 4.0 Shields


You had 9 spell levels left.
You didn't know any spells.
Your spell library contained the following spells:

 Spells                   Type           Power      Damage    Failure   Level
 Ozocubu's Armour         Ice            0%         N/A       100%        3
 Malign Gateway           Summ/Tloc      0%         N/A       100%        7
 Ozocubu's Refrigeration  Ice            0%         4d7       100%        7
 Summon Horrible Things   Summ           0%         N/A       100%        8


Dungeon Overview and Level Annotations

Branches:
Dungeon (7/15)             Temple (1/1) D:5

Altars:
Ashenzari
Cheibriados
Dithmenos
Elyvilon
Fedhas
Gozag
Hepliaklqana
Nemelex Xobeh
Okawaru
Qazlal
Ru
Sif Muna
Trog
Uskayaw
Vehumet
Wu Jian
Xom
Yredelemnul
Zin
The Shining One

Shops:
D:5 (

Annotations:
D:7 nitefall's ghost, novice MiFi


Innate Abilities, Weirdness & Mutations

You cannot be hasted, slowed, berserked, paralysed or teleported.
You can dig through walls and to a lower floor.
You have a pair of large antennae on your head. (SInv)
Your four strong arms can wield two-handed weapons with a shield.


Message History

Unknown command.
You feel better.
The kobold brigand closely misses your wight.
Your wight hits nitefall's ghost with a +2 dagger of freezing.
Your wight freezes nitefall's ghost.
Your orc zombie closely misses the kobold brigand.
Unknown command.
Okay, then.
You hit nitefall's ghost but do no damage.
Nitefall's ghost is almost destroyed.
The kobold brigand hits your wight with a +2 short sword of distortion.
Space warps horribly around your wight!
Your wight is destroyed!
Your wight disappears in a puff of smoke!
You block nitefall's ghost's attack.
Your orc zombie hits the kobold brigand.
You miss nitefall's ghost.
Nitefall's ghost is almost destroyed.
The kobold brigand hits your orc zombie with a +2 short sword of distortion.
Space warps around your orc zombie.
Your orc zombie is destroyed!
You block nitefall's ghost's attack.
Unknown command.
You miss nitefall's ghost.
Nitefall's ghost is almost destroyed.
Nitefall's ghost hits you!
* * * LOW HITPOINT WARNING * * *
Unknown command.
You completely miss nitefall's ghost.
Nitefall's ghost is almost destroyed.
Nitefall's ghost wails, "Do you think the gods will protect you?"
You block nitefall's ghost's attack.
Unknown command.
You hit nitefall's ghost. You burn nitefall's ghost.
Nitefall's ghost is almost destroyed.
Nitefall's ghost hits you!
* * * LOW HITPOINT WARNING * * *
You writhe in agony.
You die...
Your body rises from the dead as a mindless zombie.

.....## #{# #####
......## #.# ##.$?##
.......# #.# ##.....##
#####.######.###..#.#..#
# ##...##......#8.#.#.8#
###.....#Z##.###..#.#..#
.##Z§⌠.≈#.##.####.K...###
..#.§§≈≈#.##.##.##K''##.#
§Z..≈≈§##.##.##Z@WKK....#
§§≈≈#####.##.######.#####
#########.##.# ###.#
#.ZZZZZ{#.##.# #...#
#{#####Z#.##.# #.### #{#
#.#'##'####.# #.#
#...........#
#.#####...).......#
#.#<.....)))......#


You could see 4 kobold brigands, nitefall's ghost (ally target) and a friendly
steam dragon zombie.

Vanquished Creatures
  A skyshark (shapeshifter) (D:7)
  An unseen horror (D:7)
  2 steam dragons (D:7)
  2 water moccasins
  3 orc warriors
  A black bear (D:5)
  3 sky beasts
  A centaur (D:6)
  2 phantoms
  2 kobold brigands (D:7)
  A bullfrog (D:6)
  3 scorpions
  A howler monkey (D:4)
  3 jellies
  5 orc priests
  A hound (D:5)
  Crazy Yiuf (D:2)
  Jessica (D:2)
  3 iguanas
  8 orc wizards
  8 gnolls
  8 adders
  A shadow imp (D:6)
  4 white imps
  4 ufetubi
  3 worms (D:2)
  2 dart slugs
  24 orcs
  4 ball pythons
  3 bats
  9 endoplasms
  4 giant cockroaches
  7 hobgoblins
  4 kobolds
  7 quokkas
  3 frilled lizards
  6 goblins
  7 rats
153 creatures vanquished.

Vanquished Creatures (collateral kills)
  2 kobold brigands (D:7)
2 creatures vanquished.

Vanquished Creatures (others)
  An unseen horror zombie (D:7)
  A skyshark zombie (D:7)
  A sky beast zombie (D:7)
  A steam dragon zombie (D:7)
  An iguana zombie (D:7)
  7 orc zombies
  2 spectral white imps
  An adder zombie (D:6)
  A spectral ufetubus (D:6)
16 creatures vanquished.

Grand Total: 171 creatures vanquished

Notes
Turn   | Place    | Note
-------+----------+-------------------------------------------
     0 | D:1      | Bnni the Formicid Fighter began the quest for the Orb.
     0 | D:1      | Reached XP level 1. HP: 18/18 MP: 1/1
   128 | D:1      | Reached XP level 2. HP: 21/24 MP: 2/2
   511 | D:1      | Found a faded altar of an unknown god.
   904 | D:2      | Reached XP level 3. HP: 30/30 MP: 3/3
   908 | D:2      | Reached skill level 3 in Polearms
  1054 | D:2      | Noticed Jessica
  1060 | D:2      | Killed Jessica
  1061 | D:2      | Reached XP level 4. HP: 31/37 MP: 4/4
  1744 | D:2      | Found a runed translucent door.
  1745 | D:2      | Noticed Crazy Yiuf
  1754 | D:2      | Killed Crazy Yiuf
  1755 | D:2      | Reached skill level 4 in Polearms
  1755 | D:2      | Reached XP level 5. HP: 38/43 MP: 5/5
  1909 | D:3      | Noticed a phantom
  1930 | D:3      | Killed a phantom
  2019 | D:3      | Identified the +5 whip "Impbane" {flame, rElec Will- Int+6
                  | SInv}
  2103 | D:3      | Identified the +1 cloak of Fabulous Salvation {Dex+6}
  2287 | D:3      | Found a snail-covered altar of Cheibriados.
  2294 | D:3      | Reached XP level 6. HP: 49/49 MP: 6/6
  2681 | D:4      | Reached skill level 5 in Polearms
  2712 | D:4      | Reached skill level 5 in Fighting
  2991 | D:4      | Noticed an orc warrior
  3011 | D:4      | Killed an orc warrior
  3012 | D:4      | Reached skill level 6 in Polearms
  3012 | D:4      | Reached XP level 7. HP: 28/56 MP: 7/7
  3397 | D:4      | Found a radiant altar of Vehumet.
  3462 | D:5      | Entered Level 5 of the Dungeon
  3682 | D:5      | Found Goxtohi's Antique Weapon Emporium.
  3696 | D:5      | Noticed a water moccasin
  3708 | D:5      | Killed a water moccasin
  3729 | D:5      | Reached skill level 7 in Polearms
  3729 | D:5      | Reached XP level 8. HP: 18/64 MP: 8/8
  3960 | D:5      | Found a staircase to the Ecumenical Temple.
  3971 | Temple   | Entered the Ecumenical Temple
  3980 | Temple   | Became a worshipper of Yredelemnul the Dark
  4101 | D:5      | Reached * piety under Yredelemnul
  4687 | D:5      | Bought a dazzling halberd for 243 gold pieces
  4687 | D:5      | Identified the +8 halberd of Pestilence {flame, rElec rC+
                  | Str-2 Stlth+} (You bought it in a shop on level 5 of the
                  | Dungeon)
  4851 | D:6      | Reached skill level 8 in Polearms
  4951 | D:6      | Reached ** piety under Yredelemnul
  5024 | D:6      | Reached XP level 9. HP: 72/72 MP: 9/9
  5078 | D:6      | Found an iron altar of Okawaru.
  5191 | D:6      | Reached skill level 9 in Polearms
  5195 | D:6      | Reached *** piety under Yredelemnul
  5211 | D:6      | Identified a scroll of acquirement
  5360 | D:6      | Found a white marble altar of Elyvilon.
  5554 | D:6      | Found a sparkling altar of Nemelex Xobeh.
  5554 | D:6      | Found a shimmering blue altar of Sif Muna.
  5558 | D:6      | Found a bloodstained altar of Trog.
  5923 | D:7      | Found a hide-covered altar of Uskayaw.
  6002 | D:7      | Reached skill level 10 in Polearms
  6127 | D:7      | Noticed an unseen horror
  6142 | D:7      | Killed an unseen horror
  6311 | D:7      | Noticed a skyshark
  6318 | D:7      | Killed a skyshark
  6319 | D:7      | Reached skill level 11 in Polearms
  6319 | D:7      | Reached XP level 10. HP: 31/83 MP: 10/10
  6652 | D:7      | Reached **** piety under Yredelemnul
  6703 | D:7      | Found a runed translucent gate.
  6708 | D:7      | Found a runed translucent gate.
  6708 | D:7      | Noticed nitefall's ghost (novice MiFi)
  6709 | D:7      | Found a runed translucent gate.
  6899 | D:7      | HP: 4/84 [nitefall's ghost (9)]
  6899 | D:7      | Slain by nitefall's ghost

Illustrated notes

Levels and vault maps discovered:
D:1:      wander_arrival_lonely_grave, layout_basic,
          dreamdust_ecumenical_altar_angels_and_demons, serial_bayou,
          serial_bayou_lake_a, serial_bayou_ford_a, serial_bayou_pond_b,
          serial_bayou_pond_d, minmay_door_square, minmay_misc_feat_plants,
          minmay_misc_feat_tower
D:2:      layout_loops_cross, minmay_pentomino_pile, uniq_crazy_yiuf_cottage,
          uniq_jessica
D:3:      layout_loops_ring, kennysheep_slug_shrine, kennysheep_big_empty_room,
          st_stairs_14
D:4:      layout_loops_ring, kennysheep_mini, minmay_bent
D:5:      layout_loops_ring, minmay_temple_entry_mini_moons, serial_shops,
          nicolae_shop_crystal
D:6:      layout_loops_ring, nicolae_overflow_hidden_temple,
          kennysheep_okawaru_gauntlet
D:7:      cheibrodos_steamvent, layout_basic, eat_drink_and_be_merry_uskayaw,
          gammafunk_ghost_nasty_kobolds, minmay_misc_feat_room,
          minmay_three_doors
Temple:   hc_temple_tempest_star

Skill      XL: |  1  2  3  4  5  6  7  8  9 |
---------------+----------------------------+-----
Polearms       | 3 4 6 7 8 11 | 11.7
Fighting       | 4 5 6 7 9 |  9.6
Armour         | |  3.2
Shields        | |  4.0

Action                     |  1- 3 |  4- 6 |  7- 9 | 10-12 || total
---------------------------+-------+-------+-------+-------++-------
  Melee: Trident           |    95 |   160 |   133 |       ||   388
         Halberd           |       |       |   106 |    24 ||   130
  Throw: Throwing net      |       |     1 |       |       ||     1
         Dart              |       |     8 |       |       ||     8
 Invoke: Recall Undead Har |       |       |     1 |     2 ||     3
         Dark Bargain      |       |       |       |     1 ||     1
Ability: Dig               |       |       |     2 |       ||     2
    Use: Potion            |       |       |     2 |     1 ||     3
         Scroll            |       |       |     5 |       ||     5
 Armour: Scale mail        |    25 |       |       |       ||    25
         Chain mail        |    27 |    64 |       |       ||    91
         Plate armour      |       |       |   147 |    15 ||   162
  Dodge: Dodged            |    30 |    41 |    48 |       ||   119
  Block: Buckler           |    11 |    26 |    51 |     9 ||    97

Table legend: (Time is in decaauts)
 A = Elapsed time spent in this place.
 B = Non-inter-level travel time spent in this place.
 C = Inter-level travel time spent in this place.
 D = Time resting spent in this place.
 E = Time spent auto-exploring this place.
 F = Levels seen in this place.
 G = Mean time per level.
                   A        B        C        D        E       F      G
               +--------+--------+--------+--------+--------+-----+--------+
         Total |   6982 |   6664 |    318 |    313 |   5153 |   8 |  872.8 |
       Dungeon |   6964 |   6654 |    310 |    313 |   5153 |   7 |  994.9 |
        Temple |     18 |     10 |      8 |      0 |      0 |   1 |   18.0 |
               +--------+--------+--------+--------+--------+-----+--------+

Top non-repeatable levels by time:
     D:7: 1320 daAuts
     D:5: 1299 daAuts
     D:1: 938 daAuts
     D:2: 929 daAuts
     D:4: 851 daAuts
     D:3: 822 daAuts
     D:6: 801 daAuts
  Temple: 18 daAuts
